 Dungeon Crawl Stone Soup version 0.31-a0-221-gbddc013574 (webtiles) character file.

Game seed: 15182699692358643997

23 qw the Shooter (level 2, -2/17 HPs)
             Began as a Gargoyle Hexslinger on July 4, 2023.
             Slain by a kobold
             ... wielding a +0 short sword
              (4 damage)
             ... on level 2 of the Dungeon.
             The game lasted 00:00:14 (818 turns).

qw the Shooter (Gargoyle Hexslinger)                 Turns: 818, Time: 00:00:15

Health: -2/17      AC:  7    Str: 11    XL:     2   Next: 95%
Magic:  3/3        EV: 10    Int: 13    God:
Gold:   95         SH:  0    Dex: 12    Spells: 2/3 levels left

rFire   . . .        Y - +1 sling
rCold   . . .        (no shield)
rNeg    + . .        g - +0 ring mail
rPois   inf          (no helmet)
rElec   +            (no cloak)
rCorr   +            (no gloves)
SInv    .            (no boots)
Will    .....        (no amulet)
Stlth   +            j - ring of resist corrosion
HPRegen 0.22/turn    (no ring)
MPRegen 0.08/turn

%: no passive effects
@: no status effects
A: sickness immunity, AC +2, negative energy resistance 1, electricity
resistance, torment resistance 1, petrification resistance
a: no special abilities


You were on level 2 of the Dungeon.
You visited 1 branch of the dungeon, and saw 2 of its levels.

You collected 95 gold pieces.


Innate Abilities, Weirdness & Mutations

You are immune to sickness and miasma.
Your stone body is resilient. (AC +2)
You are immune to poison.
You resist negative energy. (rN+)
You are resistant to electric shocks. (rElec)
You are resistant to unholy torment.
You are immune to petrification.


   Skills:
 + Level 1.9 Fighting
 - Level 3.0 Ranged Weapons
 - Level 1.5 Dodging
 - Level 1.0 Spellcasting
 - Level 2.6 Hexes


You had 2 spell levels left.
You knew the following spells:

 Your Spells              Type           Power      Damage    Failure   Level
a - Slow                  Hex            28%        N/A       22%         1

Your spell library contained the following spells:

 Spells                   Type           Power      Damage    Failure   Level
 Inner Flame              Hex/Fire       4%         N/A       75%         3
 Portal Projectile        Hex/Tloc       8%         N/A       75%         3
 Cause Fear               Hex            3%         N/A       92%         4

Inventory:

Hand Weapons
 Y - a +1 sling (weapon)
Armour
 g - a +0 ring mail (worn)
Jewellery
 j - a ring of resist corrosion (left hand)
Scrolls
 a - a scroll of identify
Potions
 e - a potion of lignification {unknown}
 f - a potion of brilliance {unknown}
 i - a potion of ambrosia {unknown}

Dungeon Overview and Level Annotations

Branches:
Dungeon (2/15)

Altars:


Message History

The sling bullet barely misses the kobold.
The kobold hits you with a +0 short sword.
The endoplasm closely misses you. The kobold hits you but does no damage.
You shoot a sling bullet.
The sling bullet closely misses the kobold.
The endoplasm closely misses you. The kobold completely misses you.
The kobold barely misses you. The kobold hits you but does no damage.
The endoplasm hits you but does no damage.
The kobold hits you with a +0 short sword.
You shoot a sling bullet.
The sling bullet closely misses the kobold.
The kobold barely misses you. The endoplasm closely misses you.
The kobold barely misses you.
You shoot a sling bullet. The sling bullet hits the kobold.
You kill the kobold!
The endoplasm barely misses you. The kobold closely misses you.
The endoplasm freezes you.
You are frozen.
The kobold hits you but does no damage.
You shoot a sling bullet. The sling bullet hits the endoplasm.
The endoplasm is moderately wounded.
The endoplasm hits you but does no damage.
The kobold barely misses you.
You shoot a sling bullet. The sling bullet hits the endoplasm.
You kill the endoplasm!
The kobold hits you but does no damage.
You shoot a sling bullet.
The sling bullet barely misses the hobgoblin.
A bat comes into view.
The kobold barely misses you. The goblin barely misses you.
The hobgoblin hits you but does no damage.
The hobgoblin closely misses you. The goblin hits you but does no damage.
The kobold misses you.
The bat moves out of view.
You shoot a sling bullet.
The sling bullet completely misses the hobgoblin.
The kobold hits you but does no damage. The goblin hits you but does no damage.
The hobgoblin hits you but does no damage.
You shoot a sling bullet. The sling bullet hits the hobgoblin.
The hobgoblin is severely wounded.
The kobold hits you with a +0 short sword.
You die...

##.####... ..#
........# #.# ..)....+
#.# ......# #.# .....#
#.# .S..# #.# ##
#Kg.#######.#####.
#@g........<......
######..^.########.....
#..........# #.....
#..........## #.....
#...........# #.....
#...........# #.....
#########...# #.....
#...# #..... #...#
#..|..


You could see a hobgoblin, a goblin, a ball python and a kobold.

Vanquished Creatures
  A dart slug (D:1)
  An endoplasm (D:2)
  6 hobgoblins (D:1)
  3 ball pythons
  2 bats (D:1)
  3 kobolds
  2 rats (D:1)
18 creatures vanquished.

Notes
Turn   | Place    | Note
-------+----------+-------------------------------------------
     0 | D:1      | qw the Gargoyle Hexslinger began the quest for the Orb.
     0 | D:1      | Reached XP level 1. HP: 12/12 MP: 2/2
     0 | D:1      | 0 ||| qw: Version: 0.3-a-40-ge99b1a8
     0 | D:1      | 0 ||| qw: Game counter: 672
     0 | D:1      | 0 ||| qw: Melee chars always use a shield: true
     0 | D:1      | 0 ||| qw: God list: Okawaru
     0 | D:1      | 0 ||| qw: Allow faded altars: false
     0 | D:1      | 0 ||| qw: Do Orc after clearing Dungeon:15 true
     0 | D:1      | 0 ||| qw: Do second Lair branch before Depths: true
     0 | D:1      | 0 ||| qw: Lair rune preference: random
     0 | D:1      | 0 ||| qw: Goals: Normal
     0 | D:1      | 0 ||| PLANNING D:1-11
   286 | D:1      | Reached XP level 2. HP: 16/16 MP: 3/3
   452 | D:1      | Reached skill level 3 in Ranged Weapons
   621 | D:1      | 621 ||| UPGRADING to +0 ring mail.
   631 | D:1      | 631 ||| DROPPING +0 robe.
   632 | D:1      | 632 ||| UPGRADING to ring of resist corrosion.
   633 | D:1      | 633 ||| READING 2 scrolls labelled DUCRYA BUAR.
   634 | D:1      | 634 ||| READING scroll labelled OLUPLYUPSAH.
   635 | D:1      | 635 ||| READING scroll labelled ORUREPN WANEHA.
   636 | D:1      | 636 ||| DROPPING scroll of poison.
   811 | D:2      | HP: 4/17 [kobold/+0 short sword (1)]
   813 | D:2      | HP: 1/17 [frozen (4)]
   818 | D:2      | Slain by a kobold

Levels and vault maps discovered:
D:1:      eino_arrival_druids_welcome, layout_basic, grunt_decor_cap
D:2:      layout_basic, shapermc_ecumenical_altar_notcrosses,
          roderic_malta_cross, minivault_24, minmay_octomino_c4

Skill      XL: |  1  2 |
---------------+-------+-----
Ranged Weapons | 3 |  3.0
Fighting       | |  1.9
Dodging        | |  1.5
Spellcasting   | |  1.0
Hexes          | |  2.6

Action                     || total
---------------------------++-------
   Fire: Sling             ||    51
    Use: Scroll            ||     3
 Armour: Ring mail         ||    20
  Dodge: Dodged            ||    23

Table legend:
 A = Non-vault XP
 B = Vault XP
 C = Vault XP percentage of total XP
 D = Non-vault monster count
 E = Vault monster count
 F = Vault count percentage of total count
                 A         B        C        D         E       F
            +---------+---------+-------+---------+---------+-------
      Total |      27 |       6 |  18.2 |      15 |       3 |  16.7
            +---------+---------+-------+---------+---------+-------
        D:1 |      25 |       0 |   0.0 |      14 |       0 |   0.0
        D:2 |       2 |       6 |  75.0 |       1 |       3 |  75.0
            +---------+---------+-------+---------+---------+-------
